AoeStats
← 陟遐自迩

MegaRandom

509116925Analyzed
4v4 RM · 7d ago on Sep 25, 2026· 19m 35s· 8 players
Game mode
Random Map
Map size
Large (8 player)
Population
200
Speed
Normal
Resources
Standard
Victory
Conquest
Starting age
Dark Age
Ending age
Imperial Age
RankedLock teamsTeams togetherTeam positionsShared explorationLock speedFull tech treeHidden civsTurbo modeCheats
Victory
Defeat
🇧🇷 Varangians · Brazil
1213
+10
🇦🇷 Teutons · Argentina
1001
+18
🇭🇰 Byzantines · Hong Kong SAR China
863
+23
🇨🇳 Huns · China
839
+25
🇨🇳 Danes · China
1061
-20
🇨🇳 Franks · China
1060
-20
🇩🇪 Varangians · Germany
1024
-18
🇺🇸 Aztecs · United States
1021
-18
actions speak loudr than wololoo
14:54 Feudal Age
15:28 Man-at-Arms
16:41 Horse Collar
17:31 Scale Mail Armor
罗添添
2:30 Loom
15:51 Feudal Age
16:57 Double-Bit Axe
好邻居
0:39 Loom
12:00 Feudal Age
15:17 Forging
16:10 Bloodlines
16:52 Scale Barding Armor
陟遐自迩
0:47 Loom
15:44 Feudal Age
17:33 Wheelbarrow
17:22 Double-Bit Axe
tony.li
11:53 Loom
13:41 Feudal Age
17:53 Double-Bit Axe
Master Noob
10:57 Loom
13:27 Feudal Age
14:11 Double-Bit Axe
14:08 Horse Collar
16:31 Gold Mining
18:51 Castle Age
19:44 Bow Saw
碰我村民就投
9:51 Loom
11:56 Feudal Age
13:54 Double-Bit Axe
18:55 Fletching
觅桃豚
4:41 Loom
10:29 Feudal Age
Connection lost

Rejoining the realm…

Still unreachable

The connection could not be restored.

Session expired

The server has moved on; the page needs a fresh start.